 Dungeon Crawl Stone Soup version 0.29-a0-857-g9b1aa3ac5b (webtiles) character file.

Game seed: 717705131703205385

48 porpoise the Poker (level 3, -2/29 HPs)
             Began as a Barachi Warper on July 17, 2022.
             Killed from afar by a dart slug (3 damage)
             ... with a slug dart
             ... on level 2 of the Dungeon.
             The game lasted 00:04:46 (1521 turns).

porpoise the Poker (Barachi Warper)                 Turns: 1521, Time: 00:04:48

Health: -2/29      AC:  5    Str: 14    XL:     3   Next: 72%
Magic:  6/6        EV: 11    Int: 13    God:
Gold:   58         SH:  0    Dex: 11    Spells: 1/6 levels left

rFire   . . .      SeeInvis .   a - +0 spear
rCold   . . .      Faith    .   (no shield)
rNeg    . . .      Spirit   .   k - +0 ring mail
rPois   .          Reflect  .   (no helmet)
rElec   .          Harm     .   (no cloak)
rCorr   .          Rampage  .   (no gloves)
Will    .....                   (no boots)
Stlth   +.........              (no amulet)
HPRegen 0.09/turn               (no ring)
MPRegen 0.10/turn               (no ring)

@: slow
A: amphibious, slowness 1, strong legs 1, +LOS
a: Hop


You were on level 2 of the Dungeon.
You visited 1 branch of the dungeon, and saw 2 of its levels.

You collected 58 gold pieces.

Inventory:

Hand Weapons
 a - a +0 spear (weapon)
Missiles
 d - 7 boomerangs of dispersal (quivered)
Armour
 k - a +0 ring mail (worn)
Scrolls
 c - 2 scrolls of blinking
 h - a scroll of poison {unknown}
 i - a scroll of enchant armour {unknown}
Potions
 f - 2 potions of heal wounds
 g - a potion of magic
 j - a potion of haste {unknown}


   Skills:
 + Level 3.3 Fighting
 * Level 3.4 Polearms
 - Level 1.0 Throwing
 - Level 1.2 Armour
 - Level 2.1 Dodging
 - Level 2.1 Spellcasting
 - Level 3.2 Translocations


You had one spell level left.
You knew the following spells:

 Your Spells              Type           Power      Damage    Failure   Level
b - Lesser Beckoning      Tloc           9%         N/A       36%         3
k - Blink                 Tloc           18%        N/A       21%         2

Your spell library contained the following spells:

 Spells                   Type           Power      Damage    Failure   Level
 Sandblast                Erth           2%         2d4       45%         1
 Summon Small Mammal      Summ           4%         N/A       45%         1
 Gell's Gravitas          Tloc           9%         N/A       36%         3
 Teleport Other           Tloc           9%         N/A       36%         3
 Passwall                 Tmut/Erth      0%         N/A       61%         2
 Call Canine Familiar     Summ           1%         N/A       83%         3
 Stone Arrow              Conj/Erth      2%         3d7       83%         3
 Summon Guardian Golem    Hex/Summ       1%         N/A       83%         3
 Manifold Assault         Tloc           9%         N/A       98%         5


Dungeon Overview and Level Annotations

Branches:
Dungeon (2/15)

Altars:

Shops:
D:1 :


Innate Abilities, Weirdness & Mutations

You are amphibious.
You cover ground slowly.
You can hop short distances.
You have an extended range of vision and can be seen from far away.


Message History

The dart slug completely misses you.
You reach to attack!
You hit the worm.
The worm is heavily wounded.
You barely miss the worm.
The worm is heavily wounded.
The worm bites you!
You barely miss the worm.
The worm is moderately wounded.
You hit the worm.
The worm is heavily wounded.
The worm bites you.
You barely miss the worm.
The worm is heavily wounded.
You hit the worm.
The worm is heavily wounded.
The worm bites you!
* * * LOW HITPOINT WARNING * * *
You hit the worm.
The worm is severely wounded.
You hit the worm.
The worm is almost dead.
The worm misses you.
You hit the worm.
You kill the worm!
Reach: a) +0 spear
Press: ? - help, Dir - move target, f - dart slug
Aim: a dart slug (about 7% to evade your +0 spear)
You reach to attack!
You hit the dart slug.
The dart slug is heavily wounded.
The dart slug launches a dart at you. The slug dart hits you.
* * * LOW HITPOINT WARNING * * *
Reach: a) +0 spear
Press: ? - help, Dir - move target, f/p - dart slug
Aim: a dart slug (heavily wounded, about 7% to evade your +0 spear)
You reach to attack!
You hit the dart slug.
The dart slug is almost dead.
The dart slug launches a dart at you. The slug dart hits you.
You die...

#.##.#.#
#.##.#.##
#.......#
####.####
#.......#
#.##.##.# #
#.# .# .. #.#
.# .. #@#
.###.##.
##.##.....$..
#.w......#
#..#...!.#
#..#...###
#....##...
....#. .#..$
.#..# . # .
#.#..# ..


You could see a dart slug.

Vanquished Creatures
  A gnoll (D:1)
  A worm (D:2)
  4 bats (D:1)
  An endoplasm (D:1)
  A giant cockroach (D:1)
  3 goblins
  4 hobgoblins (D:1)
  4 jackals (D:1)
  A kobold (D:1)
  2 quokkas (D:1)
  3 ball pythons (D:1)
  A frilled lizard (D:1)
  5 rats (D:1)
31 creatures vanquished.

Notes
Turn   | Place    | Note
-------+----------+-------------------------------------------
     0 | D:1      | porpoise the Barachi Warper began the quest for the Orb.
     0 | D:1      | Reached XP level 1. HP: 17/17 MP: 3/3
     4 | D:1      | Found Uforokou's Book Shop.
   242 | D:1      | Reached XP level 2. HP: 23/23 MP: 5/5
   257 | D:1      | Found a faded altar of an unknown god.
   876 | D:1      | Reached XP level 3. HP: 29/29 MP: 6/6
  1005 | D:1      | Learned a level 2 spell: Blink
  1009 | D:1      | Learned a level 3 spell: Lesser Beckoning
  1520 | D:2      | HP: 1/29 [dart slug/slug dart (4)]
  1521 | D:2      | Killed from afar by a dart slug

Illustrated notes

Levels and vault maps discovered:
D:1:      scummos_arrival_hexagon, layout_basic, serial_shops, shop,
          hellmonk_ecumenical_altar_run_dry, grunt_decor_cap
D:2:      layout_basic, serial_aquarium, aquarium_bridge_island_small
          [aquarium_subvault_small_water, aquarium_subvault_window,
          aquarium_subvault_bridge, aquarium_subvault_bridge,
          aquarium_subvault_window], aquarium_window_fake, aquarium_window_1,
          aquarium_view_2a, aquarium_view_2c, aquarium_balcony_5b,
          aquarium_pool_side, minmay_pentomino_pile

Skill      XL: |  1  2 |
---------------+-------+-----
Fighting       | 3 |  3.3
Polearms       | 3 |  3.4
Throwing       | |  1.0
Armour         | |  1.2
Dodging        | |  2.1
Spellcasting   | |  2.1
Translocations | |  3.2

Action                   || total
-------------------------++-------
Melee: Spear             ||   127
       Punch             ||     1
  Use: Scroll            ||     2
 Stab: Sleeping          ||     1
Armor: Leather armour    ||    20
       Ring mail         ||     2
Dodge: Dodged            ||    64

Table legend: (Time is in decaauts)
 A = Elapsed time spent in this place.
 B = Non-inter-level travel time spent in this place.
 C = Inter-level travel time spent in this place.
 D = Time resting spent in this place.
 E = Time spent auto-exploring this place.
 F = Levels seen in this place.
 G = Mean time per level.
                   A        B        C        D        E       F      G
               +--------+--------+--------+--------+--------+-----+--------+
         Total |   1650 |   1626 |     24 |    537 |    795 |   2 |  825.0 |
       Dungeon |   1650 |   1626 |     24 |    537 |    795 |   2 |  825.0 |
               +--------+--------+--------+--------+--------+-----+--------+

Top non-repeatable levels by time:
     D:1: 1577 daAuts
     D:2: 73 daAuts
